Moose vs Wild

Created - 29 septembre 2023 at 19:50

Goals
1 2 3 OT1 SO T
Moose 0 0 1 0 2 1
Wild 0 0 1 0 3 2
Shots
1 2 3 OT1 SO T
Moose 1 1 18 0 4 20
Wild 1 2 6 3 4 12

GoalsPenalties
1st period
No Goal
Brad Malone (MIN) for High sticking (Minor) at 3:55
Logan Day (MIN) for Slashing (Minor) at 10:54
2nd period
No Goal
Jean-Luc Foudy (WPG) for Holding (Minor) at 13:34
3rd period
1. Moose , Ben Gleason 1 (Valtteri Puustinen 3) at 15:18 (SH)
2. Wild , Logan Day 1 (Dylan Sikura 2, Cooper Marody 3) at 15:36 (PP)
Linus Weissbach (WPG) for Tripping (Minor) at 14:11
Overtime #1
No Goal
Shootout
Moose, Jean-Luc Foudy - Goal!
Wild, Seth Griffith - Stopped by Devin Cooley
Moose, Buddy Robinson - Stopped by Joel Hofer
Wild, Austin Czarnik - Goal!
Moose, Linus Weissbach - Goal!
Wild, Dylan Sikura - Goal!
Moose, Adam Klapka - Stopped by Joel Hofer
Wild, Alex Limoges - Goal!
Goalie Stats
Devin Cooley (WPG), 11 saves from 12 shots - (0,917), OTL, 3-4-2, 65:00 minutes
Joel Hofer (MIN), 19 saves from 20 shots - (0,950), W, 3-5-2, 65:00 minutes
3 StarsOfficial
1 - Ben Gleason (WPG)
2 - Joel Hofer (MIN)
3 - Logan Day (MIN)
Referees : Jestina Vichorek and Justin Kea
Linesman : Justin Johnson and Brandon Gawryletz
Game Note
Ben Gleason is injured at 1:15 of 1st overtime period (Torn Right Knee Ligaments)



Team Name Goals Shots Shots Attemp Shots Blocked PIM HIT PP PK FO%
Moose 1203034130 / 2 (0%)160%
Wild 2122614141 / 2 (50%)040%

Moose
Player Name POS G A P +/- PIM HIT SHT SB MP PP MP PP SHT PK MP PK SHT FO% FOT GA TA
Adam KlapkaC/RW0000010016:221:3200:1600% 100
Aidan McDonoughLW0000013121:052:1200:2000% 031
Akito HiroseD000000009:580:0000:0000% 000
Ben GleasonD1011001115:291:0301:0110% 100
Buddy RobinsonRW0000033024:052:1002:06044% 901
Connor MackeyD0000010023:512:0502:2200% 020
Danil GushchinLW0000001015:410:0000:0000% 000
Darien KielbD000000000:330:0000:0000% 000
Jackson LaCombeD0000002011:330:0000:0000% 010
Jean-Luc FoudyC0001222121:191:4300:06067% 620
Jimmy SchuldtD0000000018:540:0700:0000% 002
Justin DowlingC/LW0000002024:162:1002:06075% 2001
Linus WeissbachLW/RW0000214022:491:3910:4800% 100
Matt KierstedD0000021026:042:5502:1400% 001
Philippe MyersD0001000024:461:5301:1100% 000
Sammy WalkerLW/RW0000020015:390:0700:00050% 400
Simon NemecD000000000:180:0000:0000% 000
Valtteri PuustinenLW0111001018:520:1401:060100% 100
Wild
Player Name POS G A P +/- PIM HIT SHT SB MP PP MP PP SHT PK MP PK SHT FO% FOT GA TA
Adam KarashikD000-1000021:390:4601:5500% 001
Alex LimogesC/LW000-1010019:481:3200:00033% 600
Andrew PeskiD0000000012:000:1301:1300% 000
Austin CzarnikC/RW000-1010020:131:0700:00040% 1000
Brad MaloneC/LW000-1251116:141:1900:50150% 400
Brandon DavidsonD000-1010026:321:4001:5500% 001
Cole BardreauC0000010010:470:0400:48050% 200
Cooper MarodyC/RW0110012025:261:5202:07057% 710
Dylan SikuraC/LW/RW0110014026:071:5122:0700% 310
Eemil ViroD000000007:470:0000:0000% 000
Evan PoleiLW0000011018:070:3301:3900% 110
Jack RathboneD0000000028:082:0501:4900% 013
Logan DayD1010212028:542:0411:0400% 013
Luke MartinD000000001:050:0000:0000% 000
Mathias Emilio PettersenC000000000:200:0000:0000% 000
Matthew PecaC/LW0000011015:510:0000:0000% 000
Seth GriffithC/RW0000001022:361:5400:13040% 1010
Shane GersichLW000000009:260:0000:1200% 000

Moose

5 vs 5 Forward
Line #Left WingCenterRight WingPHYDFOFWanted %Time %Time Play
1Aidan McDonoughJustin DowlingBuddy Robinson1224038%19:47
2Valtteri PuustinenSammy WalkerBuddy Robinson1223029%15:12
3Danil GushchinJean-Luc FoudyLinus Weissbach1222022%11:19
4Linus WeissbachJean-Luc FoudyAdam Klapka1221012%6:20
5 vs 5 Defense
Line #DefenseDefensePHYDFOFWanted %Time %Time Play
1Connor MackeyPhilippe Myers1224037%19:42
2Jimmy SchuldtMatt Kiersted1223025%13:18
3Matt KierstedJackson LaCombe1222019%10:01
4Akito HiroseBen Gleason1221018%9:37
Power Play Forward
Line #Left WingCenterRight WingPHYDFOFWanted %Time %Time Play
1Justin DowlingBuddy RobinsonAidan McDonough1226058%2:19
2Jean-Luc FoudyLinus WeissbachBuddy Robinson1224042%1:39
Power Play Defense
Line #DefenseDefensePHYDFOFWanted %Time %Time Play
1Matt KierstedPhilippe Myers1226047%1:53
2Connor MackeyMatt Kiersted1224053%2:05
Penalty Kill 4 Players Forward
Line #CenterWingPHYDFOFWanted %Time %Time Play
1Buddy RobinsonJustin Dowling12260100%3:24
2Buddy RobinsonAidan McDonough122400%0:00
Penalty Kill 4 Players Defense
Line #DefenseDefensePHYDFOFWanted %Time %Time Play
1Matt KierstedConnor Mackey1226070%2:22
2Philippe MyersMatt Kiersted1224030%1:02
Penalty Kill 3 Players
Line #WingPHYDFOFWanted %Time %Time PlayDefenseDefensePHYDFOFWanted %Time %Time Play
1Buddy Robinson122600%0:00 Connor MackeyMatt Kiersted122600%0:00
2Sammy Walker122400%0:00 Jimmy SchuldtMatt Kiersted122400%0:00
4 vs 4 Forward
Line #CenterWingPHYDFOFWanted %Time %Time Play
1Buddy RobinsonAidan McDonough122600%0:00
2Justin DowlingBuddy Robinson122400%0:00
4 vs 4 Defense
Line #DefensePHYDFOFWanted %Time %Time Play
1Matt KierstedPhilippe Myers122600%0:00
2Akito HiroseMatt Kiersted122400%0:00
Last Minutes Offensive
Left WingCenterRight WingDefenseDefense
Buddy RobinsonJustin DowlingAidan McDonoughConnor MackeyPhilippe Myers
Last Minutes Defensive
Left WingCenterRight WingDefenseDefense
Buddy RobinsonJustin DowlingAidan McDonoughConnor MackeyPhilippe Myers
Time
Total ForwardTotal DefenseLast Minutes OffensiveLast Minutes Defensive
60:00 60:00 0:000:00
Extra Forwards
Normal PowerPlayPenalty Kill
Jean-Luc Foudy, Danil Gushchin, Linus WeissbachAdam Klapka, Justin DowlingValtteri Puustinen
Extra Defensemen
Normal PowerPlayPenalty Kill
Matt Kiersted, Jackson LaCombe, Ben GleasonConnor Mackey, Philippe MyersMatt Kiersted
Penalty Shots
Jean-Luc Foudy, Buddy Robinson, Linus Weissbach, Adam Klapka, Justin Dowling
Goalie
Devin Cooley, Eetu Makiniemi
Scratches
Gabriel Bourque (Head Injury), Aarne Talvitie (Healthy), Kole Sherwood (Healthy), Josh Dunne (Healthy), Josiah Slavin (Healthy) Ryan McGregor (Healthy), Tyler Angle (Healthy), Will Reilly (Healthy), Adam Scheel (Healthy)

Wild

5 vs 5 Forward
Line #Left WingCenterRight WingPHYDFOFWanted %Time %Time Play
1Dylan SikuraAustin CzarnikSeth Griffith1224034%18:07
2Alex LimogesCooper MarodyDylan Sikura1223025%13:22
3Cooper MarodySeth GriffithDylan Sikura1222013%6:53
4Cooper MarodyAlex LimogesMatthew Peca1221027%14:16
5 vs 5 Defense
Line #DefenseDefensePHYDFOFWanted %Time %Time Play
1Jack RathboneLogan Day1224539%20:26
2Jack RathboneBrandon Davidson1223336%19:04
3Logan DayJack Rathbone1222216%8:24
4Jack RathboneAdam Karashik12209%4:44
Power Play Forward
Line #Left WingCenterRight WingPHYDFOFWanted %Time %Time Play
1Cooper MarodyDylan SikuraSeth Griffith1136055%1:52
2Alex LimogesCooper MarodyDylan Sikura1224045%1:32
Power Play Defense
Line #DefenseDefensePHYDFOFWanted %Time %Time Play
1Jack RathboneLogan Day11360100%3:24
2Logan DayJack Rathbone122400%0:00
Penalty Kill 4 Players Forward
Line #CenterWingPHYDFOFWanted %Time %Time Play
1Cooper MarodyDylan Sikura1226082%3:16
2Cooper MarodyDylan Sikura1224018%0:42
Penalty Kill 4 Players Defense
Line #DefenseDefensePHYDFOFWanted %Time %Time Play
1Logan DayJack Rathbone1226087%3:27
2Jack RathboneLogan Day1224013%0:31
Penalty Kill 3 Players
Line #WingPHYDFOFWanted %Time %Time PlayDefenseDefensePHYDFOFWanted %Time %Time Play
1Cooper Marody113600%0:00 Logan DayJack Rathbone113600%0:00
2Cooper Marody113400%0:00 Jack RathboneLogan Day113400%0:00
4 vs 4 Forward
Line #CenterWingPHYDFOFWanted %Time %Time Play
1Cooper MarodyDylan Sikura122600%0:00
2Cooper MarodyDylan Sikura122400%0:00
4 vs 4 Defense
Line #DefensePHYDFOFWanted %Time %Time Play
1Jack RathboneLogan Day122600%0:00
2Jack RathboneLogan Day122400%0:00
Last Minutes Offensive
Left WingCenterRight WingDefenseDefense
Dylan SikuraAustin CzarnikSeth GriffithJack RathboneLogan Day
Last Minutes Defensive
Left WingCenterRight WingDefenseDefense
Dylan SikuraAustin CzarnikSeth GriffithJack RathboneLogan Day
Time
Total ForwardTotal DefenseLast Minutes OffensiveLast Minutes Defensive
60:00 60:00 0:000:00
Extra Forwards
Normal PowerPlayPenalty Kill
Cooper Marody, Seth Griffith, Dylan SikuraSeth Griffith, Dylan SikuraCooper Marody
Extra Defensemen
Normal PowerPlayPenalty Kill
Adam Karashik, Jack Rathbone, Brandon DavidsonJack Rathbone, Jack RathboneLogan Day
Penalty Shots
Seth Griffith, Austin Czarnik, Dylan Sikura, Alex Limoges, Cooper Marody
Goalie
Joel Hofer, Dylan Ferguson
Scratches
Trevor Carrick (Left Knee Injury), Ty Ronning (Healthy), Cristiano DiGiacinto (Healthy), Timur Ibragimov (Healthy), Anthony Vincent (Healthy) Joakim Kemell (Healthy), Dryden McKay (Healthy)


Play-by-Play

1st period


0:01 of 1st period - Justin Dowling wins face-off versus Austin Czarnik in neutral zone.
1:22 of 1st period - Icing by Matthew Peca.
1:23 of 1st period - Jean-Luc Foudy wins face-off versus Alex Limoges in Wild zone.
2:01 of 1st period - Off-side.
2:02 of 1st period - Austin Czarnik wins face-off versus Buddy Robinson in neutral zone.
3:55 of 1st period - Minor Penalty to Brad Malone for High sticking.
3:56 of 1st period - Cooper Marody wins face-off versus Buddy Robinson in Wild zone.
5:55 of 1st period - Penalty to Brad Malone is over, Brad Malone is back on ice.
5:56 of 1st period - Justin Dowling is hit by Brad Malone and loses puck.
6:09 of 1st period - Philippe Myers is hit by Evan Polei and loses puck.
6:30 of 1st period - Icing by Jean-Luc Foudy.
6:31 of 1st period - Jean-Luc Foudy wins face-off versus Alex Limoges in Moose zone.
6:52 of 1st period - Seth Griffith is hit by Buddy Robinson and loses puck.
8:51 of 1st period - Evan Polei is hit by Jean-Luc Foudy and loses puck.
9:04 of 1st period - Aidan McDonough is hit by Cole Bardreau and loses puck.
10:14 of 1st period - Icing by Philippe Myers.
10:15 of 1st period - Austin Czarnik wins face-off versus Adam Klapka in Moose zone.
10:54 of 1st period - Minor Penalty to Logan Day for Slashing.
10:55 of 1st period - Cooper Marody wins face-off versus Buddy Robinson in Wild zone.
11:29 of 1st period - Wrist shot by Linus Weissbach.
11:29 of 1st period - Stopped by Joel Hofer without a rebound.
11:30 of 1st period - Brad Malone wins face-off versus Linus Weissbach in Wild zone.
11:55 of 1st period - Justin Dowling is hit by Brad Malone and loses puck.
12:00 of 1st period - Snap shot by Brad Malone.
12:00 of 1st period - Stopped by Devin Cooley without a rebound.
12:01 of 1st period - Buddy Robinson wins face-off versus Brad Malone in Moose zone.
12:01 of 1st period - Buddy Robinson is hit by Brad Malone.
12:07 of 1st period - Brad Malone is hit by Buddy Robinson and loses puck.
12:54 of 1st period - Penalty to Logan Day is over, Logan Day is back on ice.
13:06 of 1st period - Snap shot by Danil Gushchin.
13:06 of 1st period - Shot Misses the Net.
16:16 of 1st period - Matthew Peca is hit by Jean-Luc Foudy and loses puck.
18:48 of 1st period - Icing by Linus Weissbach.
18:49 of 1st period - Cole Bardreau wins face-off versus Ben Gleason in Moose zone.
Goals for this period are 0 for Moose vs 0 for Wild.
Shots for this period are 1 for Moose vs 1 for Wild.

2nd period


0:01 of 2nd period - Seth Griffith wins face-off versus Justin Dowling in neutral zone.
0:04 of 2nd period - Snap shot by Cooper Marody.
0:04 of 2nd period - Stopped by Devin Cooley without a rebound.
0:05 of 2nd period - Justin Dowling wins face-off versus Seth Griffith in Moose zone.
1:12 of 2nd period - Icing by Philippe Myers.
1:13 of 2nd period - Justin Dowling wins face-off versus Austin Czarnik in Moose zone.
2:13 of 2nd period - Icing by Adam Klapka.
2:14 of 2nd period - Alex Limoges wins face-off versus Jean-Luc Foudy in Moose zone.
2:24 of 2nd period - Matt Kiersted is hit by Logan Day and loses puck.
2:50 of 2nd period - Snap shot by Linus Weissbach.
2:50 of 2nd period - Stopped by Joel Hofer without a rebound.
2:51 of 2nd period - Jean-Luc Foudy wins face-off versus Alex Limoges in Wild zone.
2:58 of 2nd period - Wrist shot by Alex Limoges.
2:58 of 2nd period - Deflect By Matthew Peca.
2:58 of 2nd period - Stopped by Devin Cooley with a rebound.
3:10 of 2nd period - Snap shot by Austin Czarnik.
3:10 of 2nd period - Shot Hit the Post.
3:35 of 2nd period - Off-side.
3:36 of 2nd period - Sammy Walker wins face-off versus Alex Limoges in neutral zone.
3:41 of 2nd period - Matthew Peca is hit by Matt Kiersted and loses puck.
6:28 of 2nd period - Linus Weissbach is hit by Brad Malone and loses puck.
7:57 of 2nd period - Cole Bardreau is hit by Linus Weissbach and loses puck.
8:18 of 2nd period - Jack Rathbone is hit by Adam Klapka and loses puck.
13:10 of 2nd period - Slapshot by Akito Hirose.
13:10 of 2nd period - Shot Misses the Net.
13:34 of 2nd period - Minor Penalty to Jean-Luc Foudy for Holding.
13:35 of 2nd period - Buddy Robinson wins face-off versus Dylan Sikura in Moose zone.
14:05 of 2nd period - Seth Griffith is hit by Buddy Robinson and loses puck.
14:13 of 2nd period - Off-side.
14:14 of 2nd period - Valtteri Puustinen wins face-off versus Brad Malone in neutral zone.
14:17 of 2nd period - Brandon Davidson is hit by Matt Kiersted and loses puck.
15:34 of 2nd period - Penalty to Jean-Luc Foudy is over, Jean-Luc Foudy is back on ice.
16:54 of 2nd period - Danil Gushchin is hit by Matthew Peca and loses puck.
Goals for this period are 0 for Moose vs 0 for Wild.
Shots for this period are 1 for Moose vs 2 for Wild.

3rd period


0:01 of 3rd period - Justin Dowling wins face-off versus Seth Griffith in neutral zone.
0:09 of 3rd period - Snap shot by Buddy Robinson.
0:09 of 3rd period - Shot Misses the Net.
0:11 of 3rd period - Snap shot by Aidan McDonough.
0:11 of 3rd period - Stopped by Joel Hofer without a rebound.
0:12 of 3rd period - Justin Dowling wins face-off versus Austin Czarnik in Wild zone.
0:25 of 3rd period - Snap shot by Dylan Sikura.
0:25 of 3rd period - Shot Blocked by Aidan McDonough.
0:27 of 3rd period - Snap shot by Seth Griffith.
0:27 of 3rd period - Stopped by Devin Cooley with a rebound.
0:48 of 3rd period - Slapshot by Linus Weissbach.
0:48 of 3rd period - Stopped by Joel Hofer without a rebound.
0:49 of 3rd period - Austin Czarnik wins face-off versus Sammy Walker in Wild zone.
0:49 of 3rd period - Austin Czarnik is hit by Connor Mackey.
0:55 of 3rd period - Wrist shot by Valtteri Puustinen.
0:55 of 3rd period - Stopped by Joel Hofer without a rebound.
0:56 of 3rd period - Sammy Walker wins face-off versus Austin Czarnik in Wild zone.
1:09 of 3rd period - Slapshot by Logan Day.
1:09 of 3rd period - Deflect By Buddy Robinson.
1:09 of 3rd period - Stopped by Devin Cooley without a rebound.
1:10 of 3rd period - Justin Dowling wins face-off versus Cooper Marody in Moose zone.
2:20 of 3rd period - Icing by Buddy Robinson.
2:21 of 3rd period - Alex Limoges wins face-off versus Sammy Walker in Moose zone.
2:26 of 3rd period - Slapshot by Dylan Sikura.
2:26 of 3rd period - Stopped by Devin Cooley with a rebound.
2:28 of 3rd period - Wrist shot by Adam Karashik.
2:28 of 3rd period - Deflect By Alex Limoges.
2:28 of 3rd period - Shot Misses the Net.
2:28 of 3rd period - Puck is out of play.
2:29 of 3rd period - Cooper Marody wins face-off versus Jean-Luc Foudy in Moose zone.
2:30 of 3rd period - Backhand shot by Dylan Sikura.
2:30 of 3rd period - Shot Misses the Net.
2:42 of 3rd period - Snap shot by Danil Gushchin.
2:42 of 3rd period - Stopped by Joel Hofer without a rebound.
2:43 of 3rd period - Justin Dowling wins face-off versus Austin Czarnik in Wild zone.
2:44 of 3rd period - Wrist shot by Aidan McDonough.
2:44 of 3rd period - Stopped by Joel Hofer without a rebound.
2:45 of 3rd period - Austin Czarnik wins face-off versus Justin Dowling in Wild zone.
2:50 of 3rd period - Wrist shot by Seth Griffith.
2:50 of 3rd period - Shot Misses the Net.
2:58 of 3rd period - Slapshot by Matt Kiersted.
2:58 of 3rd period - Stopped by Joel Hofer with a rebound.
3:22 of 3rd period - Slapshot by Jimmy Schuldt.
3:22 of 3rd period - Shot Misses the Net.
4:37 of 3rd period - Slapshot by Jackson LaCombe.
4:37 of 3rd period - Stopped by Joel Hofer with a rebound.
4:39 of 3rd period - Snap shot by Aidan McDonough.
4:39 of 3rd period - Deflect By Justin Dowling.
4:39 of 3rd period - Deflect By Evan Polei.
4:39 of 3rd period - Shot Misses the Net.
4:39 of 3rd period - Puck is out of play.
4:40 of 3rd period - Justin Dowling wins face-off versus Evan Polei in Wild zone.
4:49 of 3rd period - Snap shot by Justin Dowling.
4:49 of 3rd period - Stopped by Joel Hofer with a rebound.
4:51 of 3rd period - Wrist shot by Aidan McDonough.
4:51 of 3rd period - Deflect By Danil Gushchin.
4:51 of 3rd period - Shot Misses the Net.
4:51 of 3rd period - Puck is out of play.
4:52 of 3rd period - Seth Griffith wins face-off versus Buddy Robinson in Wild zone.
4:52 of 3rd period - Seth Griffith is hit by Sammy Walker.
4:58 of 3rd period - Snap shot by Valtteri Puustinen.
4:58 of 3rd period - Deflect By Buddy Robinson.
4:58 of 3rd period - Stopped by Joel Hofer with a rebound.
5:18 of 3rd period - Connor Mackey is hit by Alex Limoges.
6:42 of 3rd period - Jean-Luc Foudy is hit by Brandon Davidson and loses puck.
7:30 of 3rd period - Slapshot by Jean-Luc Foudy.
7:30 of 3rd period - Shot Blocked by Brad Malone.
7:42 of 3rd period - Aidan McDonough is hit by Dylan Sikura and loses puck.
8:03 of 3rd period - Shane Gersich is hit by Sammy Walker and loses puck.
8:24 of 3rd period - Icing by Andrew Peski.
8:25 of 3rd period - Seth Griffith wins face-off versus Justin Dowling in Wild zone.
9:00 of 3rd period - Ben Gleason is hit by Austin Czarnik and loses puck.
12:50 of 3rd period - Valtteri Puustinen is hit by Brad Malone and loses puck.
14:11 of 3rd period - Minor Penalty to Linus Weissbach for Tripping.
14:12 of 3rd period - Buddy Robinson wins face-off versus Dylan Sikura in Moose zone.
14:12 of 3rd period - Buddy Robinson is hit by Cooper Marody.
14:58 of 3rd period - Snap shot by Austin Czarnik.
14:58 of 3rd period - Shot Misses the Net.
15:16 of 3rd period - Snap shot by Valtteri Puustinen.
15:16 of 3rd period - Shot Misses the Net.
15:18 of 3rd period - Slapshot by Ben Gleason.
15:18 of 3rd period - Goal by Ben Gleason - Moose : 1 - Wild : 0.
15:19 of 3rd period - Seth Griffith wins face-off versus Buddy Robinson in neutral zone.
15:22 of 3rd period - Wrist shot by Dylan Sikura.
15:22 of 3rd period - Stopped by Devin Cooley without a rebound.
15:23 of 3rd period - Buddy Robinson wins face-off versus Dylan Sikura in Moose zone.
15:34 of 3rd period - Wrist shot by Dylan Sikura.
15:34 of 3rd period - Stopped by Devin Cooley with a rebound.
15:36 of 3rd period - Slapshot by Logan Day.
15:36 of 3rd period - Goal by Logan Day - Moose : 1 - Wild : 1.
15:37 of 3rd period - Justin Dowling wins face-off versus Seth Griffith in neutral zone.
15:45 of 3rd period - Icing by Buddy Robinson.
15:46 of 3rd period - Justin Dowling wins face-off versus Seth Griffith in Moose zone.
15:55 of 3rd period - Snap shot by Aidan McDonough.
15:55 of 3rd period - Stopped by Joel Hofer without a rebound.
15:56 of 3rd period - Justin Dowling wins face-off versus Cooper Marody in Wild zone.
16:09 of 3rd period - Wrist shot by Justin Dowling.
16:09 of 3rd period - Stopped by Joel Hofer with a rebound.
16:11 of 3rd period - Snap shot by Jackson LaCombe.
16:11 of 3rd period - Stopped by Joel Hofer without a rebound.
16:12 of 3rd period - Jean-Luc Foudy wins face-off versus Austin Czarnik in Wild zone.
16:22 of 3rd period - Wrist shot by Jean-Luc Foudy.
16:22 of 3rd period - Stopped by Joel Hofer with a rebound.
16:24 of 3rd period - Slapshot by Jean-Luc Foudy.
16:24 of 3rd period - Stopped by Joel Hofer without a rebound.
16:25 of 3rd period - Justin Dowling wins face-off versus Seth Griffith in Wild zone.
16:26 of 3rd period - Wrist shot by Aidan McDonough.
16:26 of 3rd period - Shot Misses the Net.
16:28 of 3rd period - Wrist shot by Buddy Robinson.
16:28 of 3rd period - Stopped by Joel Hofer with a rebound.
16:30 of 3rd period - Wrist shot by Buddy Robinson.
16:30 of 3rd period - Stopped by Joel Hofer without a rebound.
16:31 of 3rd period - Justin Dowling wins face-off versus Seth Griffith in Wild zone.
17:19 of 3rd period - Snap shot by Linus Weissbach.
17:19 of 3rd period - Stopped by Joel Hofer with a rebound.
17:21 of 3rd period - Slapshot by Jackson LaCombe.
17:21 of 3rd period - Shot Misses the Net.
19:02 of 3rd period - Andrew Peski is hit by Aidan McDonough and loses puck.
Goals for this period are 1 for Moose vs 1 for Wild.
Shots for this period are 18 for Moose vs 6 for Wild.

Overtime #1


0:01 of 1st overtime period - Cooper Marody wins face-off versus Justin Dowling in neutral zone.
0:08 of 1st overtime period - Slapshot by Brandon Davidson.
0:08 of 1st overtime period - Deflect By Cooper Marody.
0:08 of 1st overtime period - Stopped by Devin Cooley with a rebound.
0:38 of 1st overtime period - Snap shot by Cooper Marody.
0:38 of 1st overtime period - Shot Misses the Net.
0:40 of 1st overtime period - Snap shot by Brad Malone.
0:40 of 1st overtime period - Shot Misses the Net.
0:42 of 1st overtime period - Slapshot by Brandon Davidson.
0:42 of 1st overtime period - Shot Misses the Net.
0:44 of 1st overtime period - Snap shot by Dylan Sikura.
0:44 of 1st overtime period - Shot Blocked by Jean-Luc Foudy.
0:46 of 1st overtime period - Slapshot by Brandon Davidson.
0:46 of 1st overtime period - Shot Misses the Net.
0:48 of 1st overtime period - Snap shot by Dylan Sikura.
0:48 of 1st overtime period - Shot Misses the Net.
0:50 of 1st overtime period - Snap shot by Dylan Sikura.
0:50 of 1st overtime period - Stopped by Devin Cooley with a rebound.
1:09 of 1st overtime period - Icing by Logan Day.
1:10 of 1st overtime period - Brad Malone wins face-off versus Justin Dowling in Wild zone.
1:15 of 1st overtime period - Slapshot by Logan Day.
1:15 of 1st overtime period - Shot Blocked by Ben Gleason.
1:15 of 1st overtime period - Ben Gleason from Moose is injured at 1:15 of 1st overtime period (Torn Right Knee Ligaments).
1:16 of 1st overtime period - Justin Dowling wins face-off versus Cooper Marody in Moose zone.
1:27 of 1st overtime period - Snap shot by Evan Polei.
1:27 of 1st overtime period - Stopped by Devin Cooley with a rebound.
2:08 of 1st overtime period - Wrist shot by Dylan Sikura.
2:08 of 1st overtime period - Shot Misses the Net.
3:07 of 1st overtime period - Icing by Shane Gersich.
3:08 of 1st overtime period - Justin Dowling wins face-off versus Cole Bardreau in Wild zone.
Goals for this period are 0 for Moose vs 0 for Wild.
Shots for this period are 0 for Moose vs 3 for Wild.

ShootOut


5:00 of 1st overtime period - Round #1.
5:00 of 1st overtime period - Moose, Jean-Luc Foudy.
5:00 of 1st overtime period - Backhand shot by Jean-Luc Foudy.
5:00 of 1st overtime period - Goal by Jean-Luc Foudy.
5:00 of 1st overtime period - Wild, Seth Griffith.
5:00 of 1st overtime period - Wrist shot by Seth Griffith.
5:00 of 1st overtime period - Stopped by Devin Cooley.
5:00 of 1st overtime period - Round #2.
5:00 of 1st overtime period - Moose, Buddy Robinson.
5:00 of 1st overtime period - Wrist shot by Buddy Robinson.
5:00 of 1st overtime period - Stopped by Joel Hofer.
5:00 of 1st overtime period - Wild, Austin Czarnik.
5:00 of 1st overtime period - Wrist shot by Austin Czarnik.
5:00 of 1st overtime period - Goal by Austin Czarnik.
5:00 of 1st overtime period - Round #3.
5:00 of 1st overtime period - Moose, Linus Weissbach.
5:00 of 1st overtime period - Snap shot by Linus Weissbach.
5:00 of 1st overtime period - Goal by Linus Weissbach.
5:00 of 1st overtime period - Wild, Dylan Sikura.
5:00 of 1st overtime period - Backhand shot by Dylan Sikura.
5:00 of 1st overtime period - Goal by Dylan Sikura.
5:00 of 1st overtime period - Round #4.
5:00 of 1st overtime period - Moose, Adam Klapka.
5:00 of 1st overtime period - Wrist shot by Adam Klapka.
5:00 of 1st overtime period - Stopped by Joel Hofer.
5:00 of 1st overtime period - Wild, Alex Limoges.
5:00 of 1st overtime period - Backhand shot by Alex Limoges.
5:00 of 1st overtime period - Goal by Alex Limoges.